 Dungeon Crawl Stone Soup version 0.30.0-10-gfe55d96785 (webtiles) character file.

Game seed: 16567972626003318404

1866 Majang the Skirmisher (level 9, 0/69 HPs)
             Began as a Gnoll Hunter on May 15, 2023.
             Slain by a killer bee (4 damage)
             ... on level 6 of the Dungeon.
             The game lasted 00:38:43 (6883 turns).

Majang the Skirmisher (Gnoll Hunter)                Turns: 6883, Time: 00:38:45

Health: 0/69       AC:  8    Str: 10    XL:     9   Next: 13%
Magic:  15/15      EV: 14    Int: 10    God:
Gold:   347        SH:  0    Dex: 25    Spells: 16/16 levels left

rFire   . . .        a - +0 shortbow
rCold   . . .        (shield currently unavailable)
rNeg    . . .        m - +0 ring mail
rPois   +            (no helmet)
rElec   .            v - +1 cloak
rCorr   .            (no gloves)
SInv    .            (no boots)
Will    .....        (no amulet)
Stlth   +++          h - ring of poison resistance
HPRegen 0.31/turn    p - +6 ring of dexterity
MPRegen 0.14/turn

%: no passive effects
@: lethally poisoned (0 -> -2)
A: fangs 1, strong nose, distributed training
a: no special abilities


You were on level 6 of the Dungeon.
You visited 1 branch of the dungeon, and saw 7 of its levels.
You also visited: Sewer.

You collected 347 gold pieces.

Inventory:

Hand Weapons
 a - a +0 shortbow (weapon)
 b - the +5 whip "Xiridav" {pain, rElec rC+}
   (You found it on level 6 of the Dungeon)

   rC:        It protects you from cold.
   rElec:     It insulates you from electricity.
 u - a +0 war axe
Missiles
 y - a throwing net
 A - a curare-tipped dart
Armour
 g - a +2 buckler
 k - a scarf of shadows
 m - a +0 ring mail (worn)
 v - a +1 cloak (worn)
Magical Staves
 z - a staff of earth
Jewellery
 h - a ring of poison resistance (left hand)
 o - a ring of protection from cold
 p - a +6 ring of dexterity (right hand)
Wands
 r - a wand of flame (15)
Scrolls
 s - a scroll of butterflies
 t - a scroll of poison
 w - a scroll of enchant armour
 B - 2 scrolls of amnesia {unknown}
 D - a scroll of teleportation
 E - 3 scrolls of immolation
Potions
 c - 2 potions of attraction
 d - a potion of invisibility {unknown}
 e - 4 potions of brilliance
 f - a potion of berserk rage {unknown}
 i - a potion of curing
 j - a potion of lignification {unknown}
 l - a potion of flight
 n - 2 potions of cancellation {unknown}
 q - 2 potions of might
 x - 3 potions of haste


   Skills:
 + Level 6.2 Fighting
 + Level 4.1 Short Blades
 + Level 4.1 Long Blades
 + Level 4.1 Axes
 + Level 4.1 Maces & Flails
 + Level 4.1 Polearms
 + Level 4.1 Staves
 + Level 9.5 Ranged Weapons
 + Level 4.1 Throwing
 + Level 4.1 Armour
 + Level 6.2 Dodging
 + Level 4.8 Stealth
 + Level 4.1 Shields
 + Level 4.1 Unarmed Combat
 + Level 4.1 Spellcasting
 + Level 3.3 Conjurations
 + Level 3.3 Hexes
 + Level 3.3 Summonings
 + Level 3.3 Necromancy
 + Level 3.3 Translocations
 + Level 3.3 Transmutations
 + Level 3.3 Fire Magic
 + Level 3.3 Ice Magic
 + Level 3.3 Air Magic
 + Level 3.3 Earth Magic
 + Level 3.3 Poison Magic
 + Level 4.5 Invocations
 + Level 4.1 Evocations


You had 16 spell levels left.
You didn't know any spells.
Your spell library contained the following spells:

 Spells                   Type           Power      Damage    Failure   Level
 Lesser Beckoning         Tloc           16%        N/A       24%         2
 Poisonous Vapours        Pois/Air       16%        N/A       24%         2
 Gell's Gravitas          Tloc           8%         N/A       43%         3
 Mephitic Cloud           Conj/Pois/Air  8%         N/A       43%         3
 Portal Projectile        Hex/Tloc       16%        N/A       43%         3
 Teleport Other           Tloc           8%         N/A       43%         3
 Tukima's Dance           Hex            8%         N/A       43%         3
 Blade Hands              Tmut           4%         N/A       99%         5
 Freezing Cloud           Conj/Ice/Air   4%         6-21      99%         5
 Borgnjor's Revivificati  Necr           4%         N/A       100%        8
 Necromutation            Tmut/Necr      4%         N/A       100%        8
 Death's Door             Necr           4%         N/A       100%        9


Dungeon Overview and Level Annotations

Branches:
Dungeon (7/15)              Sewer (visited)
 Temple: D:4-7

Altars:
Fedhas
Kikubaaqudgha
Makhleb
Zin


Innate Abilities, Weirdness & Mutations

You have very sharp teeth.
Your uncanny sense of smell can sniff out nearby items.
Your experience applies equally to all skills.


Message History

Press: ? - help, Q - select action, (/) - cycle Shift-Dir - straight line, f - killer bee
Aim: a killer bee (lightly wounded, 50% to hit)
You shoot an arrow. The arrow hits the killer bee.
The killer bee is lightly wounded.
The killer bee misses you. x2
Fire: a) +0 shortbow
Press: ? - help, Q - select action, (/) - cycle Shift-Dir - straight line, f/p - killer bee
Aim: a killer bee (lightly wounded, 50% to hit)
You shoot an arrow. The arrow barely misses the killer bee.
The killer bee stings you.
* * * LOW HITPOINT WARNING * * *
The killer bee barely misses you.
Fire: a) +0 shortbow
Press: ? - help, Q - select action, (/) - cycle Shift-Dir - straight line, f/p - killer bee
Aim: a killer bee (lightly wounded, 50% to hit)
You shoot an arrow. The arrow hits the killer bee!
The killer bee is severely wounded.
The killer bee stings you.
* * * LOW HITPOINT WARNING * * *
You are poisoned.
The killer bee poisons you! The killer bee barely misses you.
The killer bee stings you.
* * * LOW HITPOINT WARNING * * *
Fire: a) +0 shortbow
Press: ? - help, Q - select action, (/) - cycle Shift-Dir - straight line, f/p - killer bee
Aim: a killer bee (severely wounded, 50% to hit)
You shoot an arrow.
The arrow hits the killer bee but does no damage.
The killer bee is severely wounded.
You feel sick.
The killer bee stings you but does no damage.
The killer bee misses you.
The killer bee stings you but does no damage.
Fire: a) +0 shortbow
Press: ? - help, Q - select action, (/) - cycle Shift-Dir - straight line, f/p - killer bee
Aim: a killer bee (severely wounded, 50% to hit)
You shoot an arrow. The arrow hits the killer bee.
The killer bee is almost dead.
You feel sick. The killer bee stings you.
You die...

.#####.................####.###.#
## #..................)##.....#
##...............#...#######
#..............####........
#.............# ##.......
#.............# ##....#...
#..#.......>.#####.....#...
##..##...........#.......... #
#...###....@##.............. ##
#...# ##..y#####.....##.....
.#####..####...## ##...###.....
#.##......#..### ##...#......
#.....#......# #...#......
.##....##...## #..........
###....###[.# ##.......... #
##....##..## ##...........
####.....#...#### ##............


You could see a killer bee.

Vanquished Creatures
  Sigmund (D:2)
  An ice beast (D:6)
  3 ogres
  2 centaurs (D:5)
  3 phantoms (D:6)
  3 kobold brigands
  3 scorpions
  A killer bee (D:6)
  2 orc priests
  A hound (D:5)
  2 jellies (D:6)
  Crazy Yiuf (D:3)
  A gnoll bouda (D:5)
  A sleepcap (D:6)
  Terence (D:2)
  9 gnolls
  9 adders
  A white imp (D:5)
  6 worms
  4 dart slugs
  8 orcs
  7 ball pythons
  10 bats
  13 endoplasms
  A giant cockroach (D:3)
  3 goblins
  4 hobgoblins
  9 jackals (D:1)
  20 kobolds
  6 quokkas
  11 rats
147 creatures vanquished.

Notes
Turn   | Place    | Note
-------+----------+-------------------------------------------
     0 | D:1      | Majang the Gnoll Hunter began the quest for the Orb.
     0 | D:1      | Reached XP level 1. HP: 20/20 MP: 1/1
    23 | D:1      | Reached XP level 2. HP: 25/26 MP: 2/2
   427 | D:1      | Reached XP level 3. HP: 31/31 MP: 3/3
   602 | D:1      | Reached skill level 1 in Invocations
   926 | D:1      | Reached skill level 1 in Short Blades
   926 | D:1      | Reached skill level 1 in Long Blades
   926 | D:1      | Reached skill level 1 in Axes
   926 | D:1      | Reached skill level 1 in Maces & Flails
   926 | D:1      | Reached skill level 1 in Polearms
   926 | D:1      | Reached skill level 1 in Staves
   926 | D:1      | Reached skill level 1 in Throwing
   926 | D:1      | Reached skill level 1 in Armour
   926 | D:1      | Reached skill level 1 in Shields
   926 | D:1      | Reached skill level 1 in Unarmed Combat
   926 | D:1      | Reached skill level 1 in Spellcasting
   926 | D:1      | Reached skill level 1 in Evocations
  1309 | D:2      | Reached XP level 4. HP: 35/38 MP: 5/5
  1594 | D:2      | Noticed Sigmund
  1601 | D:2      | Killed Sigmund
  1602 | D:2      | Reached skill level 1 in Conjurations
  1602 | D:2      | Reached skill level 1 in Hexes
  1602 | D:2      | Reached skill level 1 in Summonings
  1602 | D:2      | Reached skill level 1 in Necromancy
  1602 | D:2      | Reached skill level 1 in Translocations
  1602 | D:2      | Reached skill level 1 in Transmutations
  1602 | D:2      | Reached skill level 1 in Fire Magic
  1602 | D:2      | Reached skill level 1 in Ice Magic
  1602 | D:2      | Reached skill level 1 in Air Magic
  1602 | D:2      | Reached skill level 1 in Earth Magic
  1602 | D:2      | Reached skill level 1 in Poison Magic
  1602 | D:2      | Reached XP level 5. HP: 43/43 MP: 5/7
  1603 | D:2      | Reached XP level 6. HP: 50/50 MP: 5/8
  1759 | D:2      | Noticed Terence
  1768 | D:2      | Reached skill level 5 in Fighting
  1768 | D:2      | Reached skill level 5 in Dodging
  1773 | D:2      | Killed Terence
  2119 | D:3      | Found a blossoming altar of Fedhas.
  2178 | D:3      | Found a faded altar of an unknown god.
  2845 | D:3      | Found a runed translucent door.
  2846 | D:3      | Noticed Crazy Yiuf
  2851 | D:3      | Killed Crazy Yiuf
  3015 | D:4      | Found a burning altar of Makhleb.
  3016 | D:4      | Found a glowing silver altar of Zin.
  3018 | D:4      | Noticed a green death
  3018 | D:4      | Noticed an angel
  3137 | D:4      | Found a glowing drain.
  3151 | Sewer    | Entered a sewer
  3386 | Sewer    | Reached XP level 7. HP: 42/56 MP: 10/10
  4171 | D:5      | Entered Level 5 of the Dungeon
  4308 | D:5      | Reached skill level 9 in Ranged Weapons
  4849 | D:5      | Reached XP level 8. HP: 63/63 MP: 12/12
  6387 | D:6      | Reached XP level 9. HP: 56/69 MP: 14/14
  6440 | D:6      | Identified the +5 whip "Xiridav" {pain, rElec rC+}
  6737 | D:6      | Found an ancient bone altar of Kikubaaqudgha.
  6883 | D:6      | Slain by a killer bee

Illustrated notes

Levels and vault maps discovered:
D:1:      elethiomel_arrival_quiet, layout_loops_corners,
          minmay_gold_behind_fungi, dreamdust_mushroom_princess,
          minmay_misc_feat_tiny
D:2:      layout_loops_corners, serial_forest, infiniplex_forest_clump_small,
          infiniplex_forest_straight_4, infiniplex_forest_end_2,
          infiniplex_forest_clump_C, infiniplex_forest_lined_3_way,
          infiniplex_forest_zigzag_1, infiniplex_forest_clump_diagonal,
          hangedman_decor_peaks_small, hangedman_decor_points, uniq_terence,
          uniq_sigmund
D:3:      layout_basic, mainiacjoe_overflow_alcove_2,
          hellmonk_ecumenical_altar_inner_sanctum, uniq_crazy_yiuf_cottage
D:4:      layout_loops_ring, grunt_temple_overflow_order_and_chaos_2,
          cheibrodos_sewer_entry_sluice
D:5:      layout_basic
D:6:      layout_layer_cave, mainiacjoe_overflow_alcove_4
D:7:      layout_rooms, minmay_temple_entry_from_below_b

Skill      XL: |  1  2  3  4  5  6  7  8  9 |
---------------+----------------------------+-----
Invocations    | 1 2 3 4 |  4.5
Short Blades   | 1 2 3 4 |  4.1
Long Blades    | 1 2 3 4 |  4.1
Axes           | 1 2 3 4 |  4.1
Maces & Flails | 1 2 3 4 |  4.1
Polearms       | 1 2 3 4 |  4.1
Staves         | 1 2 3 4 |  4.1
Throwing       | 1 2 3 4 |  4.1
Armour         | 1 2 3 4 |  4.1
Shields        | 1 2 3 4 |  4.1
Unarmed Combat | 1 2 3 4 |  4.1
Spellcasting   | 1 2 3 4 |  4.1
Evocations     | 1 2 3 4 |  4.1
Stealth        | 3 4 |  4.8
Conjurations   | 1 2 3 |  3.3
Hexes          | 1 2 3 |  3.3
Summonings     | 1 2 3 |  3.3
Necromancy     | 1 2 3 |  3.3
Translocations | 1 2 3 |  3.3
Transmutations | 1 2 3 |  3.3
Fire Magic     | 1 2 3 |  3.3
Ice Magic      | 1 2 3 |  3.3
Air Magic      | 1 2 3 |  3.3
Earth Magic    | 1 2 3 |  3.3
Poison Magic   | 1 2 3 |  3.3
Fighting       | 5 6 |  6.2
Dodging        | 5 6 |  6.2
Ranged Weapons | 9 |  9.5

Action                     |  1- 3 |  4- 6 |  7- 9 || total
---------------------------+-------+-------+-------++-------
   Fire: Shortbow          |    86 |   132 |   238 ||   456
    Use: Potion            |       |     1 |     4 ||     5
         Scroll            |       |     2 |    15 ||    17
 Armour: Leather armour    |     9 |       |       ||     9
         Ring mail         |       |    10 |    48 ||    58
  Dodge: Dodged            |    22 |    22 |   141 ||   185
